 Dungeon Crawl Stone Soup version 0.30-a0-358-g0d69a1922f (webtiles) character file.

Game seed: 18082919161213034938

42 koil the Sneak (level 3, -3/26 HPs)
             Began as a Vampire Enchanter on Nov 10, 2022.
             Slain by Terence
             ... wielding a +0 short sword
              (4 damage)
             ... on level 2 of the Dungeon.
             The game lasted 00:02:47 (1335 turns).

koil the Sneak (Vampire Enchanter)                  Turns: 1335, Time: 00:02:47

Health: -3/26      AC:  2    Str: 13    XL:     3   Next: 33%
Magic:  11/15      EV: 12    Int: 19    God:
Gold:   104        SH:  0    Dex: 14    Spells: 1/6 levels left

rFire   . . .      SeeInvis +    a - +1 dagger
rCold   . . .      Faith    .    (no shield)
rNeg    . . .      Spirit   .    b - +0 robe
rPois   .          Reflect  .    (no helmet)
rElec   .          Harm     .    (no cloak)
rCorr   .          Rampage  .    (no gloves)
Will    .....                    (no boots)
Stlth   +++.......               (no amulet)
HPRegen 0.44/turn                g - +6 ring of strength
MPRegen 0.14/turn                m - ring of magical power

@: healing quickly
A: alive, fangs 3, see invisible, vampiric 2
a: Exsanguinate


You were on level 2 of the Dungeon.
You visited 1 branch of the dungeon, and saw 2 of its levels.

You collected 104 gold pieces.

Inventory:

Hand Weapons
 a - a +1 dagger (weapon)
Missiles
 f - 2 poisoned darts (quivered)
Armour
 b - a +0 robe (worn)
Jewellery
 g - a +6 ring of strength (left hand)
 h - a ring of poison resistance
 m - a ring of magical power (right hand)
Scrolls
 d - a scroll of enchant weapon {unknown}
 e - 2 scrolls of identify {unknown}
 i - a scroll of immolation {unknown}
 j - 2 scrolls of enchant armour {unknown}
 k - a scroll of brand weapon {unknown}
 o - a scroll of teleportation {unknown}
Potions
 c - 2 potions of invisibility
 l - a potion of curing {unknown}
 n - a potion of flight {unknown}


   Skills:
 + Level 1.1 Fighting
 + Level 1.6 Short Blades
 + Level 2.5 Dodging
 + Level 4.9 Stealth
 + Level 2.2 Spellcasting
 + Level 4.8 Hexes


You had one spell level left.
You knew the following spells:

 Your Spells              Type           Power      Damage    Failure   Level
a - Ensorcelled Hibernat  Hex/Ice        22%        N/A       10%         2
b - Confusing Touch       Hex            20%        N/A       7%          3

Your spell library contained the following spells:

 Spells                   Type           Power      Damage    Failure   Level
 Tukima's Dance           Hex            20%        N/A       7%          3
 Dazzling Flash           Conj/Hex       22%        N/A       19%         3
 Anguish                  Hex/Necr       5%         N/A       52%         4
 Enfeeble                 Hex            10%        N/A       100%        7


Dungeon Overview and Level Annotations

Branches:
Dungeon (2/15)

Altars:

Annotations:
D:2 Terence


Innate Abilities, Weirdness & Mutations

Your natural rate of healing is accelerated.
You have razor-sharp teeth.
You have supernaturally acute eyesight. (SInv)
You are afflicted with vampirism and can become a bat while bloodless.


Message History

Terence zaps a wand.
The bolt of dispelling energy misses you.
You hit Terence but do no damage.
Terence is lightly wounded.
You hit Terence but do no damage.
Terence is lightly wounded.
Terence says, "Did you write a will?
You should..."
Terence closely misses you.
You closely miss Terence.
Terence is lightly wounded.
Terence completely misses you.
You hit Terence but do no damage. You punch Terence.
Terence is moderately wounded.
Terence zaps a wand.
The bolt of dispelling energy misses you.
You hit Terence but do no damage.
Terence is moderately wounded.
Terence misses you.
You closely miss Terence.
Terence is moderately wounded.
Terence barely misses you.
You closely miss Terence.
Terence is moderately wounded.
Terence hits you with a +0 short sword.
* * * LOW HITPOINT WARNING * * *
You hit Terence but do no damage.
Terence is moderately wounded.
Terence hits you but does no damage.
You closely miss Terence. You bite Terence, but do no damage.
Terence is moderately wounded.
Terence hits you with a +0 short sword.
* * * LOW HITPOINT WARNING * * *
You hit Terence but do no damage. You punch Terence, but do no damage.
Terence is moderately wounded.
Terence hits you with a +0 short sword.
* * * LOW HITPOINT WARNING * * *
You barely miss Terence. You bite Terence.
Terence is moderately wounded.
Terence hits you with a +0 short sword.
You die...

### ..# #.# #g# #S#
...#.# #@# ...#.#
#@# ...#.# #.#
...#.# #.# ...#.#
#.# ...#.# #.#
...#.# #.#
...#.###########.##
...'..............#
...##.#############


You could see Terence, an adder and a hobgoblin.

Vanquished Creatures
  An adder (D:2)
  A dart slug (D:2)
  5 bats
  4 endoplasms (D:1)
  A giant cockroach (D:1)
  2 goblins (D:1)
  2 hobgoblins (D:1)
  2 quokkas (D:2)
  4 ball pythons
  2 frilled lizards (D:2)
  A kobold (D:1)
  5 rats
30 creatures vanquished.

Notes
Turn   | Place    | Note
-------+----------+-------------------------------------------
     0 | D:1      | koil the Vampire Enchanter began the quest for the Orb.
     0 | D:1      | Reached XP level 1. HP: 13/13 MP: 3/3
    15 | D:1      | Found a faded altar of an unknown god.
   276 | D:1      | Reached XP level 2. HP: 20/20 MP: 5/5
   279 | D:1      | Learned a level 2 spell: Ensorcelled Hibernation
   769 | D:2      | Gained mutation: You are afflicted with vampirism and can
                  | become a bat while bloodless. [Vampire growth]
   769 | D:2      | Reached XP level 3. HP: 23/25 MP: 6/6
   774 | D:2      | Reached skill level 1 in Fighting
   778 | D:2      | Learned a level 3 spell: Confusing Touch
  1308 | D:2      | Noticed Terence
  1322 | D:2      | HP: 3/26 [Terence/+0 short sword (7)]
  1331 | D:2      | HP: 5/26 [Terence/+0 short sword (1)]
  1333 | D:2      | HP: 2/26 [Terence/+0 short sword (4)]
  1335 | D:2      | Slain by Terence

Illustrated notes

Levels and vault maps discovered:
D:1:      dpeg_arrival_line_fractal, layout_loops_ring,
          hellmonk_ecumenical_altar_arch_garden, minivault_26
D:2:      layout_basic, uniq_terence

Skill      XL: |  1  2  3 |
---------------+----------+-----
Fighting       | 1 |  1.1
Short Blades   | |  1.6
Dodging        | |  2.5
Stealth        | |  4.9
Spellcasting   | |  2.2
Hexes          | |  4.8

Action                   || total
-------------------------++-------
Melee: Dagger            ||    77
       Bite              ||     7
       Punch             ||     2
 Cast: Ensorcelled Hiber ||     3
 Stab: Sleeping          ||    15
Armor: Robe              ||    10
Dodge: Dodged            ||    38

Table legend: (Time is in decaauts)
 A = Elapsed time spent in this place.
 B = Non-inter-level travel time spent in this place.
 C = Inter-level travel time spent in this place.
 D = Time resting spent in this place.
 E = Time spent auto-exploring this place.
 F = Levels seen in this place.
 G = Mean time per level.
                   A        B        C        D        E       F      G
               +--------+--------+--------+--------+--------+-----+--------+
         Total |   1328 |   1319 |      9 |      0 |   1088 |   2 |  664.0 |
       Dungeon |   1328 |   1319 |      9 |      0 |   1088 |   2 |  664.0 |
               +--------+--------+--------+--------+--------+-----+--------+

Top non-repeatable levels by time:
     D:1: 732 daAuts
     D:2: 596 daAuts
